 Dungeon Crawl Stone Soup version 0.28.0 (webtiles) character file.

Game seed: 12763834977447245634

72 Hasart the Shield-Bearer (level 3, 0/31 HPs)
             Began as a Demigod Fighter on Feb 15, 2022.
             Slain by an iron imp (4 damage)
             ... summoned by Natasha
             ... on level 2 of the Dungeon.
             The game lasted 00:02:18 (1828 turns).

Hasart the Shield-Bearer (Demigod Fighter)          Turns: 1828, Time: 00:02:18

Health: 0/31       AC:  7    Str: 21    XL:     3   Next: 80%
Magic:  5/5        EV:  9    Int: 10    God:
Gold:   95         SH:  4    Dex: 13    Spells: 2/2 levels left

rFire   . . .      SeeInvis .   a - +0 long sword
rCold   . . .      Faith    .   c - +0 buckler
rNeg    . . .      Spirit   .   b - +0 scale mail
rPois   .          Reflect  .   (no helmet)
rElec   .          Harm     .   i - +0 cloak
rCorr   .          Rampage  .   (no gloves)
Will    .....                   (no boots)
Stlth   ..........              (no amulet)
HPRegen 0.10/turn               (no ring)
MPRegen 0.09/turn               (no ring)

@: slowed, very slow
A: high MP 1, forlorn, divine attributes
a: no special abilities


You were on level 2 of the Dungeon.
You visited 1 branch of the dungeon, and saw 2 of its levels.

You collected 95 gold pieces.

Inventory:

Hand Weapons
 a - a +0 long sword (weapon)
Armour
 b - a +0 scale mail (worn)
 c - a +0 buckler (worn)
 i - a +0 cloak (worn)
Scrolls
 f - a scroll of brand weapon {unknown}
 h - a scroll of enchant armour {unknown}
 l - a scroll of vulnerability {unknown}
Potions
 d - a potion of might
 e - 2 potions of curing
 g - a potion of berserk rage {unknown}
 j - a potion of haste {unknown}
 k - a potion of invisibility {unknown}


   Skills:
 + Level 3.0 Fighting
 * Level 2.7 Long Blades
 + Level 3.0 Armour
 + Level 1.1 Dodging
 + Level 3.0 Shields


You had 2 spell levels left.
You didn't know any spells.
Your spell library was empty.

Dungeon Overview and Level Annotations

Branches:
Dungeon (2/15)

Annotations:
D:2 Natasha, Terence


Innate Abilities, Weirdness & Mutations

You have an increased reservoir of magic. (+10% MP)
You shall have no god before yourself.
Your divine heritage dramatically boosts your attributes as you level up.


Message History

Natasha is severely wounded.
Natasha claws you but does no damage.
The iron imp picks up a beetle and eats it.
The iron imp hits you.
Natasha drinks a potion.
Natasha is healed!
You closely miss Natasha.
Natasha is moderately wounded.
Natasha claws you but does no damage.
The iron imp hits you but does no damage.
Natasha claws you but does no damage. The iron imp barely misses you.
You hit Natasha.
Natasha is heavily wounded.
Natasha barely misses you. You block the iron imp's attack. Natasha claws you.
You hit Natasha.
Natasha is severely wounded.
Natasha claws you.
The iron imp hits you but does no damage.
Natasha claws you but does no damage. The iron imp closely misses you.
You closely miss Natasha.
Natasha is severely wounded.
You feel yourself speed up. Natasha casts a spell at you.
You feel yourself slow down. You block the iron imp's attack.
Natasha claws you but does no damage. The iron imp barely misses you.
You hit Natasha.
Natasha is almost dead.
Natasha closely misses you. You block Natasha's attack. The iron imp hits you!
Unknown command.
You miss Natasha.
Natasha is almost dead.
Natasha claws you but does no damage.
The iron imp hits you but does no damage.
Natasha stares at you and mumbles some strange words.
The magic dart hits you.
* * * LOW HITPOINT WARNING * * *
The iron imp hits you.
* * * LOW HITPOINT WARNING * * *
You barely miss Natasha.
Natasha is almost dead.
Natasha claws you but does no damage. The iron imp hits you.
You die...

#.........##.#.# ####....#
#.....<......... ........##
#.....(...##.#...#.........###
#.........##.#.. .............
#.........#..#.# #............
#.........#....# .....######.
#..............## ..... ##
##..........5...####.##
#..........h@...###.#########
........!.†.............
##############..........
#....)##### #......# #......#
#.......# ....>....#
.P........#


You could see an iron imp (summoned) and Natasha.

Vanquished Creatures
  Natasha (D:2)
  An adder (D:2)
  A dart slug (D:1)
  4 ball pythons
  7 endoplasms
  A giant cockroach (D:2)
  2 hobgoblins (D:1)
  3 kobolds
  4 bats
  2 frilled lizards
  3 goblins
  4 rats
33 creatures vanquished.

Notes
Turn   | Place    | Note
-------+----------+-------------------------------------------
     0 | D:1      | Hasart the Demigod Fighter began the quest for the Orb.
     0 | D:1      | Reached XP level 1. HP: 18/18 MP: 3/3
   573 | D:1      | Reached XP level 2. HP: 24/25 MP: 4/4
  1132 | D:2      | Noticed Terence
  1451 | D:2      | Reached XP level 3. HP: 26/30 MP: 5/5
  1592 | D:2      | Noticed Natasha
  1601 | D:2      | Killed Natasha
  1602 | D:2      | Reached skill level 1 in Dodging
  1813 | D:2      | Noticed Natasha
  1828 | D:2      | Slain by an iron imp

Illustrated notes

Levels and vault maps discovered:
D:1:      zaba_arrival_water, layout_loops_ring,
          chequers_ecumenical_altar_simple
D:2:      layout_rooms, uniq_natasha, uniq_crazy_yiuf_cottage, uniq_terence

Skill      XL: |  1  2  3 |
---------------+----------+-----
Long Blades    | 2 |  2.7
Shields        | 3 |  3.0
Armour         | 3 |  3.0
Fighting       | 3 |  3.0
Dodging        | 1 |  1.1

Action                   || total
-------------------------++-------
Melee: Long sword        ||   119
Armor: Scale mail        ||    64
Dodge: Dodged            ||    57
Block: Buckler           ||    32
